 Dungeon Crawl Stone Soup version 0.29.1-12-g30fa7ad0bf (webtiles) character file.

Game seed: 6924607472249078123

5 hawla the Firebug (level 2, -1/20 HPs)
             Began as a Meteoran Fire Elementalist on Dec 31, 2022.
             Slain by Crazy Yiuf
             ... wielding a +2 quarterstaff of chaos
              (7 damage)
             ... on level 2 of the Dungeon.
             The game lasted 00:02:02 (178 turns).

hawla the Firebug (Meteoran Fire Elementalist)       Turns: 178, Time: 00:02:03

Health: -1/20      AC:  3    Str:  9    XL:     2   Next: 5%
Magic:  0/6        EV: 12    Int: 16    God:
Gold:   45         SH:  0    Dex: 14    Spells: 3/6 levels left

rFire   . . .      SeeInvis .   (no weapon)
rCold   . . .      Faith    .   (no shield)
rNeg    . . .      Spirit   .   a - +0 robe
rPois   .          Reflect  .   (no helmet)
rElec   .          Harm     .   (no cloak)
rCorr   .          Rampage  .   e - +0 pair of gloves {hurl}
Will    .....                   (no boots)
Stlth   +.........              (no amulet)
HPRegen 0.06/turn               (no ring)
MPRegen 0.10/turn               (no ring)

@: very slightly contaminated, glowing
A: sense surroundings 1, otherworldly, glowing, explore regen
a: no special abilities


You were on level 2 of the Dungeon.
You visited 1 branch of the dungeon, and saw 2 of its levels.

You collected 45 gold pieces.

Inventory:

Armour
 a - a +0 robe (worn)
 e - a +0 pair of gloves of hurling (worn)
Scrolls
 d - 2 scrolls of identify {unknown}
 f - a scroll of teleportation {unknown}
Potions
 b - a potion of magic
 c - a potion of heal wounds {unknown}


   Skills:
 + Level 2.4 Dodging
 - Level 1.4 Stealth
 + Level 2.9 Spellcasting
 + Level 1.2 Conjurations
 + Level 4.0 Fire Magic


You had 3 spell levels left.
You knew the following spells:

 Your Spells              Type           Power      Damage    Failure   Level
a - Foxfire               Conj/Fire      40%        2x1d6     6%          1
b - Scorch                Fire           30%        2d7       5%          2

Your spell library contained the following spells:

 Spells                   Type           Power      Damage    Failure   Level
 Conjure Flame            Conj/Fire      10%        6-21      19%         3
 Inner Flame              Hex/Fire       8%         N/A       26%         3
 Flame Wave               Conj/Fire      10%        2d6       54%         4


Dungeon Overview and Level Annotations

Branches:
Dungeon (2/15) Zot: 1021

Altars:
Cheibriados

Annotations:
D:2 Crazy Yiuf


Innate Abilities, Weirdness & Mutations

You passively map a small area around you.
You are easily found by Zot.
You glow in the dark.
You regain HP and MP as you explore.


Message History

You see here a +0 hammer.
Found three hammers.
You see here a +0 hammer.
Press: ? - help, v - describe, . - travel, g - get item
Here: Crazy Yiuf, wielding a +2 quarterstaff of chaos and wearing a +0 cloak (fire blocked by a runed translucent door) Item here: a hammer.
The floor.
Unknown command.
You see here a +0 hammer.
You see here a +2 hammer of protection.
Memorise Scorch, consuming 2 spell levels and leaving 3?
You start memorising the spell.
You continue memorising. x2
You finish memorising.
Spell assigned to 'b'.
Okay, then.
You see here a +0 hammer.
Crazy Yiuf sings, "Trees, trees, trees, circus!"
You see here a +0 hammer.
You open the door.
Casting: Foxfire (safe; 6% risk of failure)
Confirm with . or Enter, or press ? or * to list all spells.
Flames lash Crazy Yiuf.
Crazy Yiuf is moderately wounded.
Crazy Yiuf's fire resistance burns away.
Crazy Yiuf cries, "You leg down broken song, no?"
Crazy Yiuf hits you with a +2 quarterstaff of chaos!
Ouch! That really hurt!
Crazy Yiuf burns you.
* * * LOW HITPOINT WARNING * * *
Casting: Scorch (safe; 5% risk of failure)
Confirm with . or Enter, or press ? or * to list all spells.
Flames lash Crazy Yiuf.
Crazy Yiuf is burned terribly!
Crazy Yiuf is severely wounded.
Crazy Yiuf barely misses you.
Casting: Scorch (safe; 5% risk of failure)
Confirm with . or Enter, or press ? or * to list all spells.
You miscast Scorch.
You are very lightly contaminated with residual magic.
Nothing appears to happen.
Crazy Yiuf hits you with a +2 quarterstaff of chaos!
You die...

###....#
* *
#....# ,
, *
♣....♣ ,
* *
♣♣..)♣ ,
♣♣)♣♣ ,
♣♣)♣ ,*
* ♣)♣♣ ,
♣♣)♣ *
** *
♣@♣♣ * *
*#g# * ,
))) * ,
#)))# *
* #).)#
##### *
, * ,


You could see Crazy Yiuf (combustible).

Vanquished Creatures
  A hobgoblin (D:2)
  A kobold (D:1)
  A quokka (D:2)
  A bat (D:1)
  A frilled lizard (D:2)
5 creatures vanquished.

Vanquished Creatures (others)
  16 foxfires
16 creatures vanquished.

Grand Total: 21 creatures vanquished

Notes
Turn   | Place    | Note
-------+----------+-------------------------------------------
     0 | D:1      | hawla the Meteoran Fire Elementalist began the quest for
                  | the Orb.
     0 | D:1      | Reached XP level 1. HP: 14/14 MP: 5/5
   111 | D:2      | Reached skill level 4 in Fire Magic
   111 | D:2      | Reached XP level 2. HP: 9/20 MP: 1/6
   112 | D:2      | Found a snail-covered altar of Cheibriados.
   164 | D:2      | Found a runed translucent door.
   165 | D:2      | Noticed Crazy Yiuf
   173 | D:2      | Learned a level 2 spell: Scorch
   178 | D:2      | Slain by Crazy Yiuf

Illustrated notes

Levels and vault maps discovered:
D:1:      shiori_shiawase, layout_rooms, hellmonk_ecumenical_altar_inner_sanctum
D:2:      layout_basic, basic_altar, skrybe_limestone_x, uniq_terence,
          uniq_crazy_yiuf_cottage

Skill      XL: |  1 |
---------------+----+-----
Fire Magic     | 4 |  4.0
Dodging        | |  2.4
Stealth        | |  1.4
Spellcasting   | |  2.9
Conjurations   | |  1.2

Action                   || total
-------------------------++-------
Melee: Unarmed           ||     2
 Cast: Foxfire           ||     9
       Scorch            ||     2
Dodge: Dodged            ||     2
